 Dungeon Sprint DCSS version 0.17-a0-1184-gb75be8f (webtiles) character file.

648 Kidiri the Covert (level 7, -10/38 HPs)
             Began as a Felid Monk on June 1, 2015.
             Was a High Priest of Dithmenos.
             Mangled by a sun demon (13 damage)
             ... in the Dungeon (Sprint VII: "The Pits").
             The game lasted 00:07:21 (903 turns).

Kidiri the Covert (Felid Monk)                       Turns: 903, Time: 00:07:23

Health: -10/38     AC:  2    Str: 13    XL:     7   Next: 27%
Magic:  12/12      EV: 31    Int: 11    God:    Dithmenos [*****.]
Gold:   0          SH:  0    Dex: 21    Spells: 0 memorised, 6 levels left
                                        Lives:  0   Deaths: 2

rFire  . . .     SeeInvis +       - Unarmed
rCold  . . .     Clarity  .     (armour unavailable)
rNeg   . . .     SustAt   .     (shield unavailable)
rPois  .         Gourm    .     (helmet unavailable)
rElec  .         Spirit   .     (cloak unavailable)
rCorr  .         Warding  .     (gloves unavailable)
rMut   .         NoTele   +     (boots unavailable)
MR     ++...                    (no amulet)
Stlth  ++++++++++               n - +3 ring of strength
                                m - +3 ring of strength

@: wreathed by umbra, quick, very resistant to hostile enchantments, uncannily
stealthy
A: no armour, no weapons or thrown items, claws 1, fangs 3, camouflage 1, see
invisible, carnivore 3, speed 1, magic resistance 1, shaggy fur 2, slow
metabolism 1, sharp paws
a: Shadow Step, Shadow Form, Renounce Religion


You were in the Dungeon.
You worshipped Dithmenos.
Dithmenos was extremely pleased with you.
You were not hungry.

You visited 1 branch

Inventory:

Jewellery
 m - a +3 ring of strength (left paw)
 n - a +3 ring of strength (right paw)
Scrolls
 g - a scroll of blinking
 i - 3 scrolls of remove curse
 j - 5 scrolls of amnesia
 k - a scroll of summoning
Potions
 b - 8 potions of curing
 c - 12 potions of heal wounds
 d - 3 potions of haste
 e - 4 potions of magic
 f - 2 potions of berserk rage
 h - 2 potions of invisibility
 o - a potion of agility
 p - a potion of brilliance
Comestibles
 a - 8 meat rations
 l - 5 chunks of flesh


   Skills:
 * Level 9.4 Fighting
 * Level 11.9 Dodging
 * Level 12.4 Stealth
 * Level 9.8 Unarmed Combat
 + Level 5.6 Invocations


You had 6 spell levels left.
You didn't know any spells.

Dungeon Overview and Level Annotations

Branches:
Dungeon (1/1)

Altars:
Ashenzari
Cheibriados
Dithmenos
Elyvilon
Fedhas
Gozag
Kikubaaqudgha
Makhleb
Nemelex Xobeh
Okawaru
Qazlal
Ru
Sif Muna
Trog
Vehumet
Xom
Yredelemnul
Zin
The Shining One
Beogh
Jiyva
Lugonu


Innate Abilities, Weirdness & Mutations

You cannot wear armour.
You are incapable of wielding weapons or throwing items.
You have sharp claws.
You have razor-sharp teeth.
You have supernaturally acute eyesight.
You are carnivorous and can eat meat at any time.
You cover ground quickly.
You are covered in thick fur (AC +2).
You have a slow metabolism.
Your sharp claws are effective at attacking unaware monsters.
Your skin changes colour to match your surroundings (Stealth).
You are resistant to hostile enchantments.


Message History

You claw the sun demon, but do no damage.
The sun demon is heavily wounded.
Your shadow hits the sun demon but does no damage.
The sun demon completely misses you.
You claw the sun demon!
The sun demon is severely wounded.
The sun demon completely misses you.
You closely miss the sun demon.
The sun demon is severely wounded.
Your shadow closely misses the sun demon.
The unseen horror misses you. The sun demon hits you.
You are engulfed in flames!
You scratch the sun demon but do no damage.
The sun demon is severely wounded.
The unseen horror completely misses you.
The sun demon hits you!!
Ouch! That really hurt!
* * * LOW HITPOINT WARNING * * *
You emit a cloud of dark smoke.
You are engulfed in flames!
You die...

?(##......#..#......#
####................+
...'................+
####......#..#......#
'.##................#
#.#####'#####''######
#.##.......##''########
#.##.......##..§§..'..+
'.##.......##..§@3x'..+
####...<...##..§..##..#
).##.......##...###
).##.......##..##
####.......##++#
÷.##########
.###########
.#....#..[[#
'#....#..[[#


You could see a sun demon and an unseen horror (invisible).

Vanquished Creatures
  A hornet (D)
  A troll (D)
  Prince Ribbit (D)
  A hungry ghost (D)
  A necrophage (D)
  A black bear (D)
  A sky beast (D)
  A hound (D)
  An orc wizard (D)
  3 river rats (D)
  A white imp (D)
  A giant eyeball (D)
  An ufetubus (D)
  An adder zombie (D)
  A giant gecko (D)
  5 orcs (D)
  A bat skeleton (D)
  A hobgoblin (D)
  A quokka (D)
  A ball python (D)
  A giant newt (D)
  A rat (D)
28 creatures vanquished.

Notes
Turn   | Place    | Note
--------------------------------------------------------------
     0 | D        | Kidiri the Felid Monk began the quest for the Orb.
     0 | D        | Reached XP level 1. HP: 10/10 MP: 2/2
    14 | D        | Reached XP level 2. HP: 13/15 MP: 3/3
    23 | D        | Found a sacrificial altar of Ru.
    23 | D        | Found a basalt altar of Yredelemnul.
    23 | D        | Found a shadowy altar of Dithmenos.
    23 | D        | Found a deep blue altar of Sif Muna.
    23 | D        | Found a burning altar of Makhleb.
    23 | D        | Found a shimmering altar of Xom.
    23 | D        | Found an ancient bone altar of Kikubaaqudgha.
    23 | D        | Found a sparkling altar of Nemelex Xobeh.
    24 | D        | Found a glowing golden altar of the Shining One.
    24 | D        | Found a bloodstained altar of Trog.
    24 | D        | Found a shattered altar of Ashenzari.
    24 | D        | Found a white marble altar of Elyvilon.
    24 | D        | Found a snail-covered altar of Cheibriados.
    24 | D        | Found a blossoming altar of Fedhas.
    24 | D        | Found a radiant altar of Vehumet.
    24 | D        | Found a glowing silver altar of Zin.
    24 | D        | Found a corrupted altar of Lugonu.
    24 | D        | Found a viscous altar of Jiyva.
    24 | D        | Found a roughly hewn altar of Beogh.
    24 | D        | Found an iron altar of Okawaru.
    29 | D        | Became a worshipper of Dithmenos the Shadowed
    29 | D        | Acquired Dithmenos's first power
    33 | D        | Found a stormy altar of Qazlal.
    33 | D        | Found an opulent altar of Gozag.
    67 | D        | Reached skill level 5 in Dodging
   150 | D        | Reached skill level 5 in Stealth
   150 | D        | Reached skill level 5 in Unarmed Combat
   150 | D        | Reached XP level 3. HP: 18/18 MP: 4/4
   159 | D        | Acquired Dithmenos's second power
   299 | D        | Noticed a hound
   304 | D        | Noticed a sky beast
   306 | D        | Noticed an orc wizard
   318 | D        | Killed a hound
   318 | D        | Acquired Dithmenos's third power
   318 | D        | Reached skill level 5 in Fighting
   318 | D        | Reached skill level 6 in Dodging
   318 | D        | Reached skill level 1 in Invocations
   318 | D        | Reached XP level 4. HP: 15/23 MP: 5/5
   345 | D        | Slain by a sky beast
   346 | D        | Reached XP level 3. HP: -3/19 MP: 4/4
   360 | D        | Killed a sky beast
   360 | D        | Reached skill level 7 in Dodging
   360 | D        | Reached XP level 4. HP: 4/24 MP: 4/6
   376 | D        | Gained mutation: You are resistant to hostile enchantments. [mutagenic meat]
   377 | D        | Gained mutation: Your spells are a little easier to cast, but a little less powerful. [mutagenic meat]
   378 | D        | Gained mutation: Your skin changes colour to match your surroundings (Stealth). [mutagenic meat]
   379 | D        | Lost mutation: Your spells are a little easier to cast, but a little less powerful. [mutagenic meat]
   486 | D        | Killed an orc wizard
   486 | D        | Reached skill level 8 in Dodging
   486 | D        | Reached XP level 5. HP: 15/27 MP: 7/7
   489 | D        | Acquired Dithmenos's fourth power
   638 | D        | Noticed a necrophage
   640 | D        | Killed a necrophage
   640 | D        | Reached skill level 9 in Dodging
   642 | D        | Noticed a hornet
   644 | D        | Killed a hornet
   644 | D        | Reached skill level 10 in Dodging
   644 | D        | Reached skill level 11 in Stealth
   644 | D        | Gained mutation: You are covered in thick fur (AC +2). [Felid growth]
   644 | D        | Reached XP level 6. HP: 30/33 MP: 7/10
   644 | D        | Reached XP level 7. HP: 33/37 MP: 7/11
   675 | D        | Noticed Prince Ribbit
   675 | D        | Noticed a black bear
   681 | D        | Killed Prince Ribbit
   681 | D        | Reached skill level 5 in Invocations
   683 | D        | Killed a black bear
   697 | D        | Noticed a hungry ghost
   697 | D        | Noticed a troll
   711 | D        | Killed a hungry ghost
   711 | D        | Reached skill level 12 in Stealth
   711 | D        | Reached XP level 8. HP: 34/42 MP: 12/12
   724 | D        | Killed a troll
   869 | D        | Noticed an unseen horror
   869 | D        | Noticed a sun demon
   876 | D        | Demolished by a sun demon
   877 | D        | Reached XP level 7. HP: -15/38 MP: 12/12
   903 | D        | Mangled by a sun demon

Vault maps used:
D:        pitsprint

Action                   |  1- 3 |  4- 6 |  7- 9 || total
-------------------------+-------+-------+-------++-------
Melee: Unarmed           |    34 |    33 |    33 ||   100
  Use: Potion            |     1 |       |       ||     1
 Stab: Sleeping          |     3 |     2 |     6 ||    11
  Eat: Chunk             |     3 |    10 |     6 ||    19
